 Dungeon Crawl Stone Soup version 0.28.0-47-ge53b351184 (webtiles) character file.

Game seed: 10725821584745454471

147 Iusername the Slasher (level 5, 0/41 HPs)
             Began as a Human Fighter on May 4, 2022.
             Killed from afar by an orc wizard (5 damage)
             ... with a magic dart
             ... on level 3 of the Dungeon.
             The game lasted 00:03:58 (3101 turns).

Iusername the Slasher (Human Fighter)               Turns: 3101, Time: 00:03:59

Health: 0/41       AC: 12    Str: 16    XL:     5   Next: 54%
Magic:  5/5        EV:  4    Int: 16    God:
Gold:   97         SH: 10    Dex: 13    Spells: 4/4 levels left

rFire   . . .      SeeInvis .   o - +0 mace (holy)
rCold   . . .      Faith    .   c - +0 buckler
rNeg    . . .      Spirit   .   e - +0 plate armour
rPois   .          Reflect  +   (no helmet)
rElec   .          Harm     .   (no cloak)
rCorr   .          Rampage  .   (no gloves)
Will    .....                   g - +0 pair of boots
Stlth   ..........              q - amulet of reflection
HPRegen 0.13/turn               h - +6 ring of intelligence
MPRegen 0.09/turn               (no ring)

@: mighty
A: no striking features
a: no special abilities


You were on level 3 of the Dungeon.
You visited 1 branch of the dungeon, and saw 3 of its levels.

You collected 97 gold pieces.

Inventory:

Hand Weapons
 a - a +0 long sword
 o - a +0 mace of holy wrath (weapon)
Armour
 c - a +0 buckler (worn)
 e - a +0 plate armour (worn)
 g - a +0 pair of boots (worn)
Jewellery
 h - a +6 ring of intelligence (left hand)
 q - an amulet of reflection (around neck)
Scrolls
 b - a scroll of fear {unknown}
 i - a scroll of amnesia {unknown}
 m - 2 scrolls of summoning {unknown}
 n - a scroll of immolation {unknown}
 p - a scroll of fog {unknown}
 r - a scroll of magic mapping {unknown}
Potions
 d - a potion of might
 f - a potion of invisibility {unknown}
 j - a potion of mutation {unknown}
 k - a potion of curing {unknown}
 l - a potion of magic {unknown}
 s - a potion of flight {unknown}


   Skills:
 + Level 3.4 Fighting
 + Level 3.8 Long Blades
 + Level 0.7 Maces & Flails
 + Level 3.5 Armour
 + Level 0.5 Dodging
 + Level 3.6 Shields


You had 4 spell levels left.
You didn't know any spells.
Your spell library contained the following spells:

 Spells                   Type           Power      Damage    Failure   Level
 Freeze                   Ice            0%         1d3       100%        1
 Corpse Rot               Necr/Air       0%         N/A       100%        2
 Poisonous Vapours        Pois/Air       0%         N/A       100%        2
 Frozen Ramparts          Ice            0%         1d2       100%        3
 Inner Flame              Hex/Fire       0%         N/A       100%        3
 Cause Fear               Hex            0%         N/A       100%        4
 Hailstorm                Conj/Ice       0%         3d3       100%        4
 Discord                  Hex            0%         N/A       100%        8


Dungeon Overview and Level Annotations

Branches:
Dungeon (3/15)

Altars:


Message History

You block the orc wizard's attack.
The orc wizard hits you but does no damage.
There are monsters nearby!
There are monsters nearby!
You hit the orc wizard but do no damage.
The orc wizard is moderately wounded.
The orc wizard gestures at you while chanting.
You resist with some effort.
The orc priest calls down the wrath of Beogh upon you.
Beogh smites you!
There are monsters nearby!
You are too injured to fight recklessly!
There are monsters nearby!
You are too injured to fight recklessly!
There are monsters nearby!
There are monsters nearby!
You are too injured to fight recklessly!
You feel very mighty all of a sudden.
The orc wizard hits you but does no damage.
You hit the orc wizard.
The orc wizard is moderately wounded.
The orc wizard hits you but does no damage.
The orc priest miscasts a cantrip.
The orc wizard gestures at you while chanting.
The magic dart hits you.
You completely miss the orc wizard.
The orc wizard is moderately wounded.
The orc wizard hits you but does no damage.
The orc priest mumbles some strange prayers to Beogh against you.
Beogh smites you!
* * * LOW HITPOINT WARNING * * *
You barely miss the orc wizard.
The orc wizard is moderately wounded.
The orc wizard barely misses you.
The orc wizard hits you but does no damage.
You hit the orc wizard.
The orc wizard is moderately wounded.
The orc wizard points at you and mumbles some strange words.
The magic dart hits you.
You die...

##### #...# #...#
######...###### #
###.............##o#.#.#
................@oo.....
###.............##.#.###
#.............# #
#.............#
#.............#
#.............#
###...>.........#
..............[.########
................'.......


You could see an orc priest, an orc wizard and an orc.

Vanquished Creatures
  A hound (D:3)
  5 adders
  A worm (D:2)
  2 dart slugs
  An orc (D:3)
  5 ball pythons
  5 bats
  6 endoplasms
  2 giant cockroaches
  6 hobgoblins
  2 jackals (D:1)
  6 kobolds
  A quokka (D:1)
  6 frilled lizards
  5 goblins
  9 rats
63 creatures vanquished.

Notes
Turn   | Place    | Note
-------+----------+-------------------------------------------
     0 | D:1      | Iusername the Human Fighter began the quest for the Orb.
     0 | D:1      | Reached XP level 1. HP: 18/18 MP: 1/1
    70 | D:1      | Found a faded altar of an unknown god.
    88 | D:1      | Reached XP level 2. HP: 18/24 MP: 2/2
   398 | D:1      | Reached XP level 3. HP: 29/29 MP: 3/3
  1008 | D:2      | Reached XP level 4. HP: 33/35 MP: 4/4
  2352 | D:3      | Reached XP level 5. HP: 41/41 MP: 5/5
  3101 | D:3      | Killed from afar by an orc wizard

Illustrated notes

Levels and vault maps discovered:
D:1:      beargit_arrival_greenhouse, layout_basic, basic_ecumenical_altar
D:2:      layout_basic
D:3:      layout_basic

Skill      XL: |  1  2  3  4 |
---------------+-------------+-----
Long Blades    | 3 |  3.8
Fighting       | |  3.4
Maces & Flails | |  0.7
Armour         | |  3.5
Dodging        | |  0.5
Shields        | |  3.6

Action                   |  1- 3 |  4- 6 || total
-------------------------+-------+-------++-------
Melee: Long sword        |   103 |    55 ||   158
       Mace              |       |    82 ||    82
  Use: Potion            |       |     1 ||     1
Armor: Scale mail        |    29 |       ||    29
       Plate armour      |    51 |   137 ||   188
Dodge: Dodged            |    30 |    38 ||    68
Block: Buckler           |    33 |    52 ||    85
